 Dungeon Crawl Stone Soup version 0.31-a0-198-g2ad674f65e (webtiles) character file.

Game seed: 5646829440350004066

48 qw the Shooter (level 3, 0/20 HPs)
             Began as a Deep Elf Hunter on June 25, 2023.
             Slain by a goblin
             ... wielding a +0 club
             ... led by Robin
              (1 damage)
             ... on level 2 of the Dungeon.
             The game lasted 00:00:25 (997 turns).

qw the Shooter (Deep Elf Hunter)                     Turns: 997, Time: 00:00:26

Health: 0/20       AC:  4    Str: 10    XL:     3   Next: 50%
Magic:  5/5        EV: 12    Int: 13    God:
Gold:   17         SH:  0    Dex: 18    Spells: 2/2 levels left

rFire   . . .        Y - +0 shortbow
rCold   . . .        (shield currently unavailable)
rNeg    . . .        c - +0 leather armour
rPois   .            (no helmet)
rElec   .            (no cloak)
rCorr   .            g - +0 pair of gloves
SInv    .            (no boots)
Will    .....        (no amulet)
Stlth   ++           (no ring)
HPRegen 0.23/turn    (no ring)
MPRegen 0.09/turn

%: no passive effects
@: no status effects
A: no striking features
a: no special abilities


You were on level 2 of the Dungeon.
You visited 1 branch of the dungeon, and saw 2 of its levels.

You collected 17 gold pieces.


   Skills:
 - Level 1.5 Fighting
 + Level 7.0 Ranged Weapons
 - Level 2.4 Dodging
 - Level 1.2 Stealth


You had 2 spell levels left.
You didn't know any spells.
Your spell library was empty.

Inventory:

Hand Weapons
 Y - a +0 shortbow (weapon)
Armour
 c - a +0 leather armour (worn)
 g - a +0 pair of gloves (worn)
Potions
 e - a potion of degeneration {unknown}
 f - a potion of curing {unknown}
 h - a potion of brilliance {unknown}

Dungeon Overview and Level Annotations

Branches:
Dungeon (2/15)

Altars:

Annotations:
D:2 Robin


Message History

You shoot an arrow. The arrow closely misses the goblin.
The arrow hits the goblin but does no damage.
The goblin closely misses you.
A rat comes into view.
The goblin closely misses you.
You shoot an arrow. The arrow hits the goblin.
The goblin is heavily wounded.
The goblin hits you with a +0 club. x2
You shoot an arrow. The arrow closely misses the goblin. x2
The arrow hits the goblin.
You kill the goblin!
The goblin hits you but does no damage. The goblin closely misses you.
You shoot an arrow.
The arrow hits the goblin but does no damage.
The goblin is heavily wounded.
The goblin closely misses you. The goblin hits you but does no damage.
You shoot an arrow. The arrow hits the goblin.
You kill the goblin!
The goblin closely misses you. Robin throws the goblin at you!
Your Ranged Weapons skill increases to level 7!
You shoot an arrow. The arrow hits the goblin.
You kill the goblin!
The goblin hits you with a +0 dagger. The goblin closely misses you. x2
The goblin hits you with a +0 dagger.
You shoot an arrow. The arrow hits the goblin!
You kill the goblin!
The goblin misses you.
You shoot an arrow. The arrow closely misses the goblin.
The arrow hits Robin!
Robin is heavily wounded.
The goblin hits you but does no damage. The goblin barely misses you.
Robin hits you from afar with a +0 spear.
You shoot an arrow. The arrow barely misses the goblin.
The arrow closely misses Robin.
The arrow hits the rat.
You kill the rat!
Robin hits you from afar with a +0 spear.
The goblin closely misses you. The goblin hits you with a +0 club.
You shoot an arrow. The arrow closely misses the goblin.
The arrow hits Robin.
Robin is almost dead.
The goblin hits you with a +0 club.
You die...

#<# #.##.# #.##.#
#.##%####
#.##....# .
#.##....# ...
#.##....#
.....##g##..<.##.#
....)gg@).........
...).#####....##.#
... #....# # .
#....# #......
####.... .....
.....


You could see Robin and 2 goblins.

Vanquished Creatures
  A bat (D:1)
  5 endoplasms (D:1)
  A giant cockroach (D:1)
  A hobgoblin (D:1)
  4 jackals (D:1)
  2 quokkas (D:1)
  7 ball pythons
  A frilled lizard (D:1)
  13 goblins
  5 kobolds (D:1)
  2 rats
42 creatures vanquished.

Notes
Turn   | Place    | Note
-------+----------+-------------------------------------------
     0 | D:1      | qw the Deep Elf Hunter began the quest for the Orb.
     0 | D:1      | Reached XP level 1. HP: 12/12 MP: 3/3
     0 | D:1      | 0 ||| qw: Version: 0.3-a-22-g0ed2b0b
     0 | D:1      | 0 ||| qw: Game counter: 4998
     0 | D:1      | 0 ||| qw: Melee chars always use a shield: true
     0 | D:1      | 0 ||| qw: God list: Okawaru
     0 | D:1      | 0 ||| qw: Allow faded altars: false
     0 | D:1      | 0 ||| qw: Do Orc after clearing Dungeon:15 true
     0 | D:1      | 0 ||| qw: Do second Lair branch before Depths: true
     0 | D:1      | 0 ||| qw: Lair rune preference: random
     0 | D:1      | 0 ||| qw: Goals: Normal
     0 | D:1      | 0 ||| PLANNING D:1-11
    95 | D:1      | Reached XP level 2. HP: 16/16 MP: 4/4
   125 | D:1      | Reached skill level 6 in Ranged Weapons
   618 | D:1      | Reached XP level 3. HP: 20/20 MP: 5/5
   906 | D:1      | 906 ||| UPGRADING to +0 pair of gloves.
   911 | D:1      | 911 ||| DROPPING ring of wizardry.
   912 | D:1      | 912 ||| READING scroll labelled EWITIGH GOIT.
   917 | D:1      | 917 ||| READING scroll labelled AKAMUCRATOMN.
   918 | D:1      | 918 ||| DROPPING scroll of butterflies.
   979 | D:2      | Noticed Robin
   993 | D:2      | Reached skill level 7 in Ranged Weapons
   996 | D:2      | HP: 5/20 [Robin/+0 spear (1)]
   996 | D:2      | HP: 1/20 [goblin/+0 club[Robin] (4)]
   997 | D:2      | Slain by a goblin

Levels and vault maps discovered:
D:1:      mrwooster_arrival_statue, layout_loops_corners
D:2:      layout_basic, uniq_crazy_yiuf_cottage, uniq_robin

Skill      XL: |  1  2  3 |
---------------+----------+-----
Ranged Weapons | 6 7 |  7.0
Fighting       | |  1.5
Dodging        | |  2.4
Stealth        | |  1.2

Action                     || total
---------------------------++-------
   Fire: Shortbow          ||   121
    Use: Scroll            ||     2
 Armour: Leather armour    ||    24
  Dodge: Dodged            ||    60

Table legend:
 A = Non-vault XP
 B = Vault XP
 C = Vault XP percentage of total XP
 D = Non-vault monster count
 E = Vault monster count
 F = Vault count percentage of total count
                 A         B        C        D         E       F
            +---------+---------+-------+---------+---------+-------
      Total |      54 |      15 |  21.7 |      34 |       8 |  19.0
            +---------+---------+-------+---------+---------+-------
        D:1 |      52 |       0 |   0.0 |      32 |       0 |   0.0
        D:2 |       2 |      15 |  88.2 |       2 |       8 |  80.0
            +---------+---------+-------+---------+---------+-------
